 Dungeon Crawl Stone Soup version 0.28-a0-622-gbaef9634d7 (webtiles) character file.

Game seed: 1734499403182375397

1847 dlkfblwrlf the Covert (level 8, 0/36 HPs)
             Began as a Spriggan Enchanter on Oct 7, 2021.
             Was a Believer of Dithmenos.
             Slain by a boulder beetle (5 damage)
             ... on level 7 of the Dungeon.
             The game lasted 00:17:36 (8439 turns).

dlkfblwrlf the Covert (Spriggan Enchanter)          Turns: 8439, Time: 00:17:36

Health: 0/36       AC:  4    Str:  6    XL:     8   Next: 88%
Magic:  14/22      EV: 17    Int: 16    God:    Dithmenos [**....]
Gold:   287        SH:  0    Dex: 18    Spells: 17/25 levels left

rFire   . . .      SeeInvis +   f - +1 dagger (vamp)
rCold   + . .      Faith    .   (shield restricted)
rNeg    . . .      Spirit   .   n - +2 robe of the Gastropod {rC+ Dex+2}
rPois   .          Reflect  .   (helmet restricted)
rElec   .          Harm     .   (no cloak)
rCorr   .          Rampage  .   (gloves unavailable)
Will    +....                   (boots unavailable)
Stlth   ++++++....              (no amulet)
HPRegen 0.12/turn               (no ring)
MPRegen 0.18/turn               (no ring)

@: wreathed by umbra, very quick
A: very small, no large weapons, unfitting armour, see invisible, speed 3,
talons 1, screaming 1, wild magic 1
a: Renounce Religion, Shadow Step


You were on level 7 of the Dungeon.
You worshipped Dithmenos.
Dithmenos was pleased with you.
You visited 2 branches of the dungeon, and saw 8 of its levels.
You also visited: Ossuary.

You collected 287 gold pieces.

Inventory:

Hand Weapons
 a - a +1 dagger
 f - a +1 vampiric dagger (weapon)
Missiles
 t - a throwing net (quivered)
Armour
 n - the +2 robe of the Gastropod (worn) {rC+ Dex+2}
   (You found it on level 5 of the Dungeon)

   Dex:       It affects your dexterity (+2).
   rC:        It protects you from cold.
Magical Staves
 g - a staff of cold
Wands
 r - a wand of flame (7)
Scrolls
 b - 2 scrolls of fear
 d - a scroll of magic mapping
 l - 2 scrolls of amnesia
Potions
 c - 2 potions of haste {unknown}
 e - a potion of cancellation
 h - 2 potions of lignification
 i - 3 potions of attraction
 j - a potion of brilliance
 k - a potion of might {unknown}
 m - a potion of berserk rage {unknown}
 o - a potion of curing {unknown}
 p - 3 potions of flight {unknown}
 q - 2 potions of mutation
 s - a potion of ambrosia {unknown}


   Skills:
 - Level 1.1 Short Blades
 - Level 2.6 Dodging
 + Level 9.6 Stealth
 + Level 9.0 Spellcasting
 + Level 9.3 Hexes


You had 17 spell levels left.
You knew the following spells:

 Your Spells              Type           Power      Damage    Failure   Level
a - Ensorcelled Hibernat  Hex/Ice        56%        N/A       4%          2
b - Tukima's Dance        Hex            48%        N/A       1%          3
c - Dazzling Flash        Conj/Hex       56%        N/A       7%          3

Your spell library contained the following spells:

 Spells                   Type           Power      Damage    Failure   Level
 Confusing Touch          Hex            48%        N/A       1%          3
 Static Discharge         Conj/Air       9%         N/A       22%         2
 Gell's Gravitas          Tloc           4%         N/A       38%         3
 Lesser Beckoning         Tloc           9%         N/A       38%         3
 Teleport Other           Tloc           9%         N/A       38%         3
 Dispel Undead            Necr           9%         3d8       77%         4
 Olgreb's Toxic Radiance  Pois           9%         N/A       77%         4
 Sticky Flame             Conj/Fire      9%         2d3       77%         4
 Ozocubu's Refrigeration  Ice            4%         4d5       100%        7
 Ignition                 Fire           4%         3d4       100%        8


Dungeon Overview and Level Annotations

Branches:
Dungeon (7/15)             Temple (1/1) D:4         Ossuary (visited)

Altars:
Ashenzari
Dithmenos
Elyvilon
Gozag
Hepliaklqana
Makhleb
Okawaru
Qazlal
Ru
Sif Muna
Uskayaw
Xom
Yredelemnul
Zin
The Shining One


Innate Abilities, Weirdness & Mutations

You are very small and have problems with some larger weapons.
You are too small for most types of armour.
You have supernaturally acute eyesight. (SInv)
You cover ground extremely quickly. (Speed+++)
You have sharp toenails.
You occasionally shout uncontrollably at your foes.
Your spells are a little harder to cast, but a little more powerful.


Message History

Found a battleaxe.
Found a stone staircase leading up.
A boulder beetle comes into view.
Casting: Ensorcelled Hibernation (safe; 4% risk of failure)
Confirm with . or Enter, or press ? or * to list all spells.
Aiming: Ensorcelled Hibernation (safe; 4% risk of failure)
Press: ? - help, Shift-Dir - straight line, f - boulder beetle
Aim: a boulder beetle (chance to affect: 39%)
Okay, then.
Unknown command.
Casting: Ensorcelled Hibernation (safe; 4% risk of failure)
Confirm with . or Enter, or press ? or * to list all spells.
Aiming: Ensorcelled Hibernation (safe; 4% risk of failure)
Press: ? - help, Shift-Dir - straight line, f - boulder beetle
Aim: a boulder beetle (chance to affect: 39%)
The boulder beetle easily resists.
The boulder beetle curls into a ball and begins rolling!
Unknown command.
Casting: Ensorcelled Hibernation (safe; 4% risk of failure)
Confirm with . or Enter, or press ? or * to list all spells.
Aiming: Ensorcelled Hibernation (safe; 4% risk of failure)
Press: ? - help, Shift-Dir - straight line, f/p - boulder beetle
Aim: a boulder beetle (rolling, chance to affect: 39%)
The boulder beetle easily resists.
Unknown command.
Casting: Ensorcelled Hibernation (safe; 4% risk of failure)
Confirm with . or Enter, or press ? or * to list all spells.
Aiming: Ensorcelled Hibernation (safe; 4% risk of failure)
Press: ? - help, Shift-Dir - straight line, f/p - boulder beetle
Aim: a boulder beetle (rolling, umbra, chance to affect: 39%)
The boulder beetle easily resists.
The boulder beetle hits you!!
Ouch! That really hurt!
* * * LOW HITPOINT WARNING * * *
The boulder beetle stops rolling and uncurls.
Casting: Ensorcelled Hibernation (safe; 4% risk of failure)
Confirm with . or Enter, or press ? or * to list all spells.
Aiming: Ensorcelled Hibernation (safe; 4% risk of failure)
Press: ? - help, Shift-Dir - straight line, f/p - boulder beetle
Aim: a boulder beetle (umbra, chance to affect: 39%)
The boulder beetle easily resists.
The boulder beetle bites you.
You die...

.. . . ..##### .
....... .# .......
####.# .......
#<...#
.......##+##+#...##
......B@.........+
.......!.........#
####..........####
#..........#
#.<........#
#...##+##### #.).
###. ##


You could see a boulder beetle.

Vanquished Creatures
  2 water moccasins
  A sky beast (D:6)
  2 necrophages
  2 centaurs (D:6)
  2 phantoms (D:6)
  A bullfrog (D:6)
  A scorpion (D:6)
  A water moccasin skeleton (D:5)
  A howler monkey (D:2)
  A bullfrog zombie (D:5)
  3 human zombies (Ossuary)
  A gnoll shaman (D:6)
  An orc priest (D:4)
  A hound (D:5)
  A jelly (D:4)
  A centaur skeleton (D:6)
  2 iguanas (D:6)
  4 orc wizards (D:6)
  Terence (D:3)
  2 mummies (Ossuary)
  A howler monkey skeleton (D:5)
  11 gnolls
  13 adders
  A white imp (D:6)
  An ufetubus (D:6)
  An adder zombie (Ossuary)
  5 worms
  3 dart slugs
  10 orcs
  6 ball pythons
  13 bats
  8 endoplasms
  4 giant cockroaches (D:1)
  9 hobgoblins
  6 jackals
  7 kobolds
  3 quokkas
  2 frilled lizards
  9 goblins
  9 hobgoblin zombies (Ossuary)
  A jackal zombie (Ossuary)
  13 kobold zombies (Ossuary)
  8 orc zombies (Ossuary)
  2 rats
  A rat zombie (Ossuary)
178 creatures vanquished.

Notes
Turn   | Place    | Note
-------+----------+-------------------------------------------
     0 | D:1      | dlkfblwrlf the Spriggan Enchanter began the quest for the
                  | Orb.
     0 | D:1      | Reached XP level 1. HP: 9/9 MP: 5/5
   413 | D:1      | Reached XP level 2. HP: 11/13 MP: 7/7
   421 | D:1      | Learned a level 2 spell: Ensorcelled Hibernation
   930 | D:1      | Reached XP level 3. HP: 16/16 MP: 9/9
  1136 | D:1      | Learned a level 3 spell: Tukima's Dance
  1140 | D:1      | Learned a level 3 spell: Dazzling Flash
  1149 | D:2      | Reached XP level 4. HP: 21/21 MP: 11/11
  1161 | D:2      | Reached skill level 5 in Hexes
  1496 | D:2      | Reached XP level 5. HP: 18/24 MP: 13/13
  1901 | D:2      | Reached skill level 5 in Spellcasting
  2331 | D:3      | Noticed Terence
  2353 | D:3      | Killed Terence
  3110 | D:3      | Found a faded altar of an unknown god.
  3383 | D:3      | Reached XP level 6. HP: 28/28 MP: 12/15
  3886 | D:4      | Found a staircase to the Ecumenical Temple.
  3904 | Temple   | Entered the Ecumenical Temple
  3917 | Temple   | Became a worshipper of Dithmenos the Shadowed
  4156 | D:4      | Reached skill level 5 in Stealth
  4520 | D:4      | Identified the +0 pair of gloves of the Special Brambles
                  | {rPois Str-4 Int+10 Dex+2}
  4947 | D:5      | Entered Level 5 of the Dungeon
  4947 | D:5      | Noticed a water moccasin
  4950 | D:5      | Killed a water moccasin
  4951 | D:5      | Reached XP level 7. HP: 32/32 MP: 18/18
  5086 | D:5      | Identified the +2 robe of the Gastropod {rC+ Dex+2}
  5224 | D:5      | Gained mutation: You have sharp toenails. [potion of
                  | mutation]
  5224 | D:5      | Gained mutation: Your spells are a little harder to cast,
                  | but a little more powerful. [potion of mutation]
  5224 | D:5      | Gained mutation: You occasionally shout uncontrollably at
                  | your foes. [potion of mutation]
  6364 | D:6      | Identified the +1 leather armour of Kamoucs {Str-3 Dex+5}
  6366 | D:6      | Found a sand-covered staircase.
  6387 | Ossuary  | Entered an ossuary
  6396 | Ossuary  | Reached * piety under Dithmenos
  6913 | Ossuary  | Reached ** piety under Dithmenos
  7069 | Ossuary  | Reached XP level 8. HP: 20/36 MP: 20/20
  7312 | D:6      | Identified the +8 hunting sling "Adezuyps" {freeze, Fragile
                  | rCorr Int-4 Dex+5}
  8433 | D:7      | Noticed a boulder beetle
  8439 | D:7      | Slain by a boulder beetle

Illustrated notes

Levels and vault maps discovered:
D:1:      lightli_arrival_noodles, layout_rooms
D:2:      layout_loops_ring
D:3:      layout_rooms, ebering_ecumenical_altar_box, kennysheep_potato,
          uniq_terence
D:4:      layout_loops_ring, minmay_temple_entry_statues_pillars
D:5:      layout_basic, lightli_corner_chamber
D:6:      layout_loops_ring, lightli_ossuary_entry_decrepit_ruins,
          nicolae_water_bricks
D:7:      cheibrodos_barr_body, layout_basic, slow_altar_1,
          hangedman_decor_growths, uniq_pikel
Temple:   lightli_temple_of_artemis

Skill      XL: |  1  2  3  4  5  6  7  8 |
---------------+-------------------------+-----
Spellcasting   | 3 4 5 6 7 9 |  9.0
Hexes          | 4 5 6 7 8 9 |  9.3
Stealth        | 6 7 9 |  9.6
Short Blades   | |  1.1
Dodging        | |  2.6

Action                   |  1- 3 |  4- 6 |  7- 9 || total
-------------------------+-------+-------+-------++-------
Melee: Dagger            |   115 |   302 |   308 ||   725
       Kick              |       |       |    86 ||    86
 Cast: Ensorcelled Hiber |     5 |    45 |    25 ||    75
Evoke: Wand              |       |     6 |    20 ||    26
  Use: Scroll            |       |     9 |     2 ||    11
       Potion            |       |       |     3 ||     3
 Stab: Sleeping          |    10 |    28 |    22 ||    60
       Distracted        |       |     1 |     2 ||     3
       Invisible         |       |       |     8 ||     8
Armor: Robe              |    15 |    34 |    31 ||    80
Dodge: Dodged            |   127 |   228 |   282 ||   637

Table legend: (Time is in decaauts)
 A = Elapsed time spent in this place.
 B = Non-inter-level travel time spent in this place.
 C = Inter-level travel time spent in this place.
 D = Time resting spent in this place.
 E = Time spent auto-exploring this place.
 F = Levels seen in this place.
 G = Mean time per level.
                   A        B        C        D        E       F      G
               +--------+--------+--------+--------+--------+-----+--------+
         Total |   6829 |   6739 |     90 |   1587 |   3522 |   9 |  758.8 |
       Dungeon |   6053 |   5971 |     82 |   1375 |   3333 |   7 |  864.7 |
        Temple |     37 |     29 |      8 |      0 |     19 |   1 |   37.0 |
       Ossuary |    739 |    739 |      0 |    212 |    168 |   1 |  739.0 |
               +--------+--------+--------+--------+--------+-----+--------+

Top non-repeatable levels by time:
     D:5: 1130 daAuts
     D:4: 1097 daAuts
     D:3: 1017 daAuts
     D:1: 973 daAuts
     D:2: 968 daAuts
     D:6: 856 daAuts
 Ossuary: 739 daAuts
  Temple: 37 daAuts
     D:7: 9 daAuts
